 Dungeon Crawl Stone Soup version 0.31.0-11-ge490571c62 (webtiles) character file.

Game seed: 7505636286755964351

3738 Marvel the Cleaver (level 10, -9/88 HPs)
             Began as a Hill Orc Fighter on Feb 8, 2024.
             Was a High Priest of Ignis.
             Killed from afar by Erica (20 damage)
             ... with a bolt of poison
             ... on level 8 of the Dungeon.
             The game lasted 00:12:31 (6521 turns).

Marvel the Cleaver (Hill Orc Fighter)               Turns: 6521, Time: 00:12:31

Health: -9/88      AC: 17    Str: 24    XL:     10   Next: 15%
Magic:  10/10      EV:  7    Int:  8    God:    Ignis [*****.]
Gold:   415        SH:  6    Dex: 10    Spells: 9/9 levels left

rFire   + . .        w - +1 war axe (heavy)
rCold   . . .        c - +1 buckler
rNeg    . . .        b - +0 scale mail
rPois   .            (no helmet)
rElec   .            (no cloak)
rCorr   .            (no gloves)
SInv    .            g - +0 pair of boots
Will    .....        (no amulet) Stlth
                     t - +4 ring of protection
HPRegen 0.34/turn    C - +4 ring of protection
MPRegen 0.12/turn

%: no passive effects
@: mighty, lethally poisoned (-9 -> -57), constricted
A: no striking features
a: Renounce Religion, Fiery Armour, Foxfire Swarm, Rising Flame


You were on level 8 of the Dungeon.
You worshipped Ignis.
Ignis was extremely pleased with you.
You visited 1 branch of the dungeon, and saw 8 of its levels.
You also visited: Ossuary.

You collected 448 gold pieces.
You spent 33 gold pieces at shops.

Inventory:

Hand Weapons
 a - a +0 war axe
 w - a +1 heavy war axe (weapon)
Missiles
 m - 3 curare-tipped darts (quivered)
 o - 5 darts of dispersal
 q - 6 poisoned darts
Armour
 b - a +0 scale mail (worn)
 c - a +1 buckler (worn)
 g - a +0 pair of boots (worn)
Jewellery
 h - an amulet of faith
 t - a +4 ring of protection (left hand)
 v - a ring of resist corrosion
 x - a ring of protection from cold
 C - a +4 ring of protection (right hand)
 D - a +6 ring of strength
Talismans
 F - a flux talisman
Wands
 u - a wand of mindburst (33)
Scrolls
 n - 4 scrolls of teleportation
 p - a scroll of enchant armour
 r - a scroll of poison {unknown}
 s - a scroll of noise {unknown}
 y - 10 scrolls of identify
 B - a scroll of fear {unknown}
 E - a scroll of revelation {unknown}
 H - 2 scrolls of blinking {unknown}
 I - a scroll of amnesia
 J - a scroll of silence {unknown}
Potions
 d - a potion of might
 e - 2 potions of lignification
 f - 3 potions of haste {unknown}
 i - 2 potions of enlightenment {unknown}
 j - 2 potions of berserk rage {unknown}
 k - 2 potions of heal wounds
 l - 3 potions of mutation {unknown}
 z - 3 potions of curing
 A - 2 potions of ambrosia {unknown}
 G - a potion of invisibility {unknown}


   Skills:
 + Level 8.3 Fighting
 + Level 12.1 Axes
 + Level 0.3 Throwing
 + Level 8.0 Armour
 + Level 3.0 Dodging
 + Level 1.3 Stealth
 + Level 5.6 Shields


You had 9 spell levels left.
You didn't know any spells.
Your spell library contained the following spells:

 Spells                   Type           Power      Damage    Failure   Level
 Anguish                  Hex/Necr       0%         N/A       100%        4
 Cause Fear               Hex            0%         N/A       100%        4
 Enfeeble                 Hex            0%         N/A       100%        7


Dungeon Overview and Level Annotations

Branches:
Dungeon (8/15)             Temple (0/1) D:4         Ossuary (visited)
   Lair: D:8-11

Altars:
Ashenzari
Makhleb
Yredelemnul
The Shining One
Ignis

Shops:
D:2 *   D:3 *   D:5 =

Annotations:
D:7 3 runed translucent doors, ymhsbmbesitwf's ghost, novice MiFi
D:8 Erica


Message History

You slash the two-headed ogre!
The two-headed ogre is almost dead.
You closely miss something. The two-headed ogre barely misses you.
The two-headed ogre closely misses you. Something hits you.
Something grabs you.
You are constricted.
You dice the two-headed ogre like an onion!!!
You kill the two-headed ogre!
You barely miss something. Something hits you but does no damage.
You are constricted.
Your Fighting skill increases to level 8!
Your Axes skill increases to level 12!
Your Armour skill increases to level 8!
Your Dodging skill increases to level 3!
You have reached level 10!
You feel stronger.
You closely miss something.
You hear some strange, mumbled words.
A bolt of poison appears from out of thin air!
The bolt of poison hits you!!
You are poisoned.
You are constricted.
Something hits you.
You are constricted.
You closely miss something.
You feel extremely sick. Something hits you.
You are constricted.
You slice something!!
You feel very sick. Something hits you but does no damage.
You are constricted.
You barely miss something.
You feel very sick.
You hear some strange, mumbled words.
A bolt of poison appears from out of thin air!
The bolt of poison hits you!
You are lethally poisoned!
* * * LOW HITPOINT WARNING * * *
You are constricted.
* * * LOW HITPOINT WARNING * * *
You hear some strange, mumbled words.
A bolt of poison appears from out of thin air!
The bolt of poison hits you!!
You are more poisoned.
You die...

######## #P....P#
#...~~.# #.~~~~.#
#..~~~P#
.#####.~~~~P######
......{.).$......#######
......)@................
.$....#####.....#####...
...............####.<..#
.....<................##
... .....#.#######...##
.. ..>###. #........# .
.. #. .####...# . ..
##..## ## #..##


There were no monsters in sight!

Vanquished Creatures
  A two-headed ogre (D:8)
  A komodo dragon (D:7)
  A basilisk (D:7)
  A steam dragon (D:8)
  3 water moccasins
  3 ice beasts
  An orc warrior (D:7)
  2 sky beasts (D:7)
  An ogre (D:6)
  2 bullfrogs
  4 scorpions
  A howler monkey (D:8)
  3 bombardier beetles (D:5)
  An orc priest (D:3)
  4 bullfrog zombies (Ossuary)
  A gnoll bouda (D:8)
  2 hounds
  A jelly (D:6)
  2 sleepcaps
  6 mummies (Ossuary)
  Ijyb (D:3)
  An iguana (D:3)
  Natasha (twice) (D:3)
  8 orc wizards
  4 crocodile zombies (Ossuary)
  2 hound zombies (Ossuary)
  3 howler monkey zombies (Ossuary)
  3 gnolls (D:8)
  5 adders
  3 shadow imps
  6 white imps
  3 dart slugs
  22 orcs
  4 endoplasms
  6 giant cockroaches
  8 goblins
  5 hobgoblins
  5 jackals
  8 kobolds
  4 quokkas
  6 ball pythons
  5 bats
  7 frilled lizards
  4 rats
166 creatures vanquished.

Notes
Turn   | Place    | Note
-------+----------+-------------------------------------------
     0 | D:1      | Marvel the Hill Orc Fighter began the quest for the Orb.
     0 | D:1      | Reached XP level 1. HP: 19/19 MP: 1/1
    23 | D:1      | Found a faded altar of an unknown god.
   131 | D:1      | Prayed at the altar of an unknown god.
   131 | D:1      | Became a worshipper of Ignis, the Dying Flame
   161 | D:1      | Reached XP level 2. HP: 18/27 MP: 2/2
   383 | D:1      | Reached skill level 3 in Axes
   540 | D:1      | Reached XP level 3. HP: 33/33 MP: 3/3
  1226 | D:2      | Found Foddulup's Assorted Antiques.
  1306 | D:2      | Reached XP level 4. HP: 41/41 MP: 4/4
  1687 | D:3      | Reached skill level 4 in Axes
  1768 | D:3      | Noticed a scorpion
  1772 | D:3      | Killed a scorpion
  1773 | D:3      | Reached XP level 5. HP: 47/47 MP: 5/5
  1856 | D:3      | Found Qotag's General Store.
  1871 | D:3      | Bought a potion of curing for 33 gold pieces
  1929 | D:3      | Found a glowing golden altar of the Shining One.
  2022 | D:3      | Noticed Natasha
  2032 | D:3      | Killed Natasha
  2033 | D:3      | Reached skill level 5 in Axes
  2270 | D:3      | Noticed Ijyb
  2290 | D:3      | Killed Ijyb
  2291 | D:3      | Reached XP level 6. HP: 26/55 MP: 6/6
  2437 | D:3      | Noticed Natasha
  2450 | D:3      | Killed Natasha
  2803 | D:4      | Reached skill level 5 in Fighting
  2808 | D:4      | Reached skill level 6 in Axes
  2808 | D:4      | Reached skill level 1 in Dodging
  2811 | D:4      | Found a burning altar of Makhleb.
  2898 | D:4      | Found a staircase to the Ecumenical Temple.
  3010 | D:4      | Identified the +2 leather armour of Vonyusk {Will+ Int+3
                  | Slay+3}
  3117 | D:4      | Reached skill level 5 in Armour
  3166 | D:4      | Reached XP level 7. HP: 55/61 MP: 7/7
  3321 | D:5      | Entered Level 5 of the Dungeon
  3446 | D:5      | Reached skill level 7 in Axes
  3716 | D:5      | Found a sand-covered staircase.
  3724 | Ossuary  | Entered an ossuary
  3736 | Ossuary  | Reached XP level 8. HP: 56/69 MP: 8/8
  3929 | Ossuary  | Reached skill level 8 in Axes
  4518 | D:5      | Found Ympuiluev's Jewellery Emporium.
  4603 | D:5      | Found a basalt altar of Yredelemnul.
  4606 | D:5      | Reached skill level 9 in Axes
  5088 | D:6      | Reached XP level 9. HP: 56/78 MP: 9/9
  5507 | D:6      | Reached skill level 10 in Axes
  5507 | D:6      | Reached skill level 1 in Stealth
  5875 | D:7      | Reached skill level 5 in Shields
  5986 | D:7      | Found a runed translucent gate.
  5987 | D:7      | Found a runed translucent gate.
  5988 | D:7      | Found a runed translucent gate.
  5999 | D:7      | Noticed a komodo dragon
  6003 | D:7      | Killed a komodo dragon
  6004 | D:7      | Reached skill level 11 in Axes
  6087 | D:7      | Identified the +0 trident "Tytwui Zidocw" {drain, Int+3}
  6135 | D:7      | Found a broken altar of Ashenzari.
  6167 | D:7      | Noticed ymhsbmbesitwf's ghost (novice MiFi)
  6509 | D:8      | Noticed a two-headed ogre
  6510 | D:8      | Noticed Erica
  6517 | D:8      | Killed a two-headed ogre
  6518 | D:8      | Reached skill level 12 in Axes
  6518 | D:8      | Reached XP level 10. HP: 82/88 MP: 10/10
  6521 | D:8      | Killed from afar by Erica

Illustrated notes

Levels and vault maps discovered:
D:1:      saegor_arrival_miasma, layout_basic,
          hellmonk_ecumenical_altar_heavens_door
D:2:      layout_basic, serial_shops, nicolae_shop_statue_plus,
          minmay_octomino_e4
D:3:      layout_basic, mainiacjoe_overflow_surrounded_room, serial_shops, shop,
          uniq_natasha, uniq_ijyb
D:4:      layout_basic, bloody_makhleb, temple_green
D:5:      layout_basic, kennysheep_little_box, serial_shops,
          nicolae_shop_gaudy_bauble, enter_ossuary_1
D:6:      layout_loops_ring
D:7:      layout_basic, ashenzari_altar_1, gammafunk_ghost_icy,
          kennysheep_path_1
D:8:      layout_rooms, lemuel_doored_altar, serial_demonic, serial_demonic_a,
          serial_demonic_b, serial_demonic_f, serial_demonic_f, special_room
          [special_room_orc], gammafunk_ghost_berserking_beasts,
          nicolae_lava_and_water, uniq_erica

Skill      XL: |  1  2  3  4  5  6  7  8  9 |
---------------+----------------------------+-----
Axes           | 3 4 5 6 7 9 12 | 12.1
Fighting       | 4 5 6 8 |  8.3
Armour         | 5 6 8 |  8.0
Shields        | 4 5 |  5.6
Dodging        | 1 2 3 |  3.0
Stealth        | 1 |  1.3
Throwing       | |  0.3

Action                     |  1- 3 |  4- 6 |  7- 9 | 10-12 || total
---------------------------+-------+-------+-------+-------++-------
  Melee: War axe           |   103 |   147 |   259 |     4 ||   513
  Throw: Dart              |       |     1 |     2 |       ||     3
    Use: Scroll            |       |       |     7 |       ||     7
         Potion            |       |       |     5 |       ||     5
 Armour: Scale mail        |    72 |   131 |   234 |     6 ||   443
         Skin              |       |       |    14 |       ||    14
  Dodge: Dodged            |    49 |    66 |   112 |       ||   227
  Block: Buckler           |    26 |    44 |    75 |       ||   145
